cohdb
Replays
Latest Replays
All Replays
Popular Replays
Top Player Replays
Match Explorer
How It Works
Community
CoH3 Stats
Reddit
Sign in to upload your games and track your stats! →
Sign in with Steam
Match 45455482
Unlisted
Match 45455482
Overview
Messages
Build Orders
End
Kradschützen Motorcycle Team
Panzergrenadier Squad
Panzergrenadier Squad
Panzergrenadier Squad
Selects Battlefield Espionage Battlegroup
250 Light Carrier
Construct Light Support Kompanie
Selects 250/3 Funkpanzerwagen
2.5-tonne Medical Truck
Fire Support Elements
Pak 38 Mechanized Group
Veteran Squad Leaders
Selects Intel Disruption Beacon
Construct Panzerarmee Kommand
Panzer III L Medium Tank
Selects Anti-Tank Incendiary Munitions
Selects Transfer Depots
Armored Reserves
StuG Assault Group
Panzer III L Medium Tank
Emergency Repair Kits
Selects Firestorm
Selects Operation Skorpion
Firestorm
Tiger Heavy Tank
Vehicle Survival Package
Firestorm
Operation Skorpion
StuG Assault Group
Rapid Advance
Firestorm
From Voodoo to Zen
A Sassy Badger
Urge to Merge
Jimm-e
badger2
B Ranked Aura Farmer
我不會說中文
Starbuckshunter
0
0
Comments
sign in to comment!
No comments posted yet!